 Dungeon Crawl Stone Soup version 0.30-a0-149-g7f746667c4 (webtiles) character file.

Game seed: 5506832032404661396

7795 LnG the Covert (level 11, -7/60 HPs)
             Began as a Kobold Summoner on Sept 26, 2022.
             Was an Initiate of Yredelemnul.
             Killed from afar by a gargoyle (26 damage)
             ... with a stone arrow
             ... on level 10 of the Dungeon.
             The game lasted 00:39:54 (14710 turns).

LnG the Covert (Kobold Summoner)                   Turns: 14710, Time: 00:39:59

Health: -7/60      AC:  7    Str:  6    XL:     11   Next: 43%
Magic:  16/23      EV: 18    Int: 20    God:    Yredelemnul [......]
Gold:   171        SH:  0    Dex: 16    Spells: 13/26 levels left

rFire   . . .      SeeInvis .    x - +8 dagger (freeze)
rCold   . . .      Faith    .    (no shield)
rNeg    . . .      Spirit   .    a - +0 robe
rPois   .          Reflect  .    i - +0 helmet
rElec   .          Harm     .    (no cloak)
rCorr   .          Rampage  .    (no gloves)
Will    .....                    (no boots)
Stlth   ++++++....               j - amulet of the acrobat
HPRegen 0.20/turn                u - +4 ring of protection
MPRegen 0.18/turn                (no ring)

@: no status effects
A: small, no large weapons, nightstalker 3
a: Renounce Religion, Recall Undead Harvest


You were on level 10 of the Dungeon.
You worshipped Yredelemnul.
Yredelemnul was noncommittal.
You visited 1 branch of the dungeon, and saw 10 of its levels.
You also visited: Ossuary.

You collected 510 gold pieces.
You spent 339 gold pieces at shops.

Inventory:

Hand Weapons
 c - a +0 short sword
 f - a +1 short sword of speed
 p - a +0 rapier
 t - a +3 dagger
 x - a +8 dagger of freezing (weapon)
Missiles
 m - 2 throwing nets
Armour
 a - a +0 robe (worn)
 i - a +0 helmet (worn)
Jewellery
 j - an amulet of the acrobat (around neck)
 u - a +4 ring of protection (left hand)
Wands
 k - a wand of roots (6)
 C - a wand of charming (11)
Scrolls
 e - 5 scrolls of magic mapping
 g - 2 scrolls of butterflies
 h - 2 scrolls of immolation
 l - 5 scrolls of fear
 o - a scroll of silence {unknown}
 q - a scroll of torment {unknown}
 v - 2 scrolls of enchant armour {unknown}
 w - a scroll of noise {unknown}
 y - a scroll of teleportation {unknown}
 E - a scroll of amnesia
Potions
 b - 2 potions of magic
 d - 4 potions of haste
 n - 5 potions of flight
 r - 2 potions of heal wounds
 s - 5 potions of lignification
 z - a potion of curing
 A - 2 potions of berserk rage {unknown}
 B - a potion of invisibility
 D - a potion of might {unknown}


   Skills:
 + Level 3.7 Fighting
 + Level 8.3 Short Blades
 + Level 7.1 Dodging
 + Level 12.4 Stealth
 + Level 8.0 Spellcasting
 + Level 2.2 Hexes
 + Level 8.9 Summonings
 + Level 1.7 Air Magic
 + Level 0.1 Invocations


You had 13 spell levels left.
You knew the following spells:

 Your Spells              Type           Power      Damage    Failure   Level
a - Summon Small Mammal   Summ           100%       N/A       1%          1
b - Call Imp              Summ           43%        N/A       1%          2
c - Call Canine Familiar  Summ           43%        N/A       1%          3
d - Summon Guardian Gole  Hex/Summ       30%        N/A       2%          3
e - Summon Lightning Spi  Summ/Air       29%        N/A       10%         4

Your spell library contained the following spells:

 Spells                   Type           Power      Damage    Failure   Level
 Sting                    Tmut/Pois      32%        1d4       9%          1
 Poisonous Vapours        Pois/Air       22%        N/A       9%          2
 Cigotuvi's Dreadful Rot  Necr/Pois/Air  20%        N/A       11%         2
 Blink                    Tloc           16%        N/A       13%         2
 Dispel Undead            Necr           8%         3d8       63%         4
 Manifold Assault         Tloc           8%         N/A       63%         4
 Olgreb's Toxic Radiance  Pois           8%         N/A       63%         4
 Storm Form               Tmut/Air       5%         N/A       100%        7
 Death Channel            Necr           Unusable   N/A       N/A         6

Dungeon Overview and Level Annotations

Branches:
Dungeon (10/15)            Temple (0/1) D:6         Ossuary (visited)
   Lair: D:8-11         Orc: D:9-12

Altars:
Elyvilon
Hepliaklqana
Qazlal
Ru
Wu Jian
Xom
Yredelemnul
Zin

Shops:
D:1 :   D:7 !   D:8 ?

Annotations:
D:2 1 runed translucent door, Crazy Yiuf
D:4 3 runed translucent doors, bande's ghost, amateur GrFi
D:7 1 runed translucent door, ICEMaiden's ghost, novice DEHW
D:9 2 transporters


Innate Abilities, Weirdness & Mutations

You are small and have problems with some larger weapons.
You are completely attuned to the shadows.


Message History

Unknown command.
The gargoyle hurls a stone arrow at you.
The stone arrow hits your wolf!
Your white imp gestures at the gargoyle.
The puff of frost hits the gargoyle.
Your hound zombie barely misses the gargoyle.
Your wolf bites the gargoyle but does no damage.
The gargoyle hurls a stone arrow at you.
The stone arrow hits you!
Your white imp hits the gargoyle but does no damage.
Your lightning spire cannot move out of your way!
Your hound zombie bites the gargoyle but does no damage.
The gargoyle hurls a stone arrow at you.
The stone arrow hits you!!
* * * LOW HITPOINT WARNING * * *
Your lightning spire shoots out a bolt of lightning at the gargoyle!
The bolt of electricity hits the gargoyle.
The gargoyle resists.
Your white imp hits the gargoyle but does no damage.
You feel much better.
Your hound zombie bites the gargoyle but does no damage. x2
Your lightning spire shoots out a bolt of lightning at the gargoyle!
The bolt of electricity hits the gargoyle.
The gargoyle resists.
The gargoyle hurls a stone arrow at you.
The stone arrow misses you.
Your white imp hits the gargoyle but does no damage.
Your wolf bites the gargoyle but does no damage.
The gargoyle hurls a stone arrow at you.
The stone arrow hits you!
* * * LOW HITPOINT WARNING * * *
Your wolf bites the gargoyle but does no damage.
Your white imp hits the gargoyle.
Your white imp freezes the gargoyle.
You feel better.
Your hound zombie bites the gargoyle but does no damage.
Your wolf closely misses the gargoyle.
The gargoyle hurls a stone arrow at you.
The stone arrow hits you!!
You die...
Your body rises from the dead as a mindless zombie.

#........#
#........#
#........#
#.......)# ~≈≈~...#
#........# ~≈≈....#
#........# ≈~~.Z5.#
#........# .~~.h9.#
#........# ...~.@.#
#........# .......#
#........# ####..8#
#........#
##..#####........##
#.................
##################


You could see a gargoyle (ally target), a friendly wolf (summoned), a friendly
lightning spire (summoned), a friendly white imp (summoned) and a friendly hound
zombie.

Vanquished Creatures
  Erica (D:8)
  Maggie (D:8)
  Psyche (D:8)
  Prince Ribbit (D:9)
  2 shadows (D:9)
  5 yaks
  2 wyverns
  2 wraiths (Ossuary)
  2 steam dragons (D:7)
  An acid dragon (D:8)
  A black bear (D:8)
  2 ice beasts
  A phantom (D:6)
  2 bullfrogs
  An elf zombie (D:8)
  A kobold brigand (D:8)
  3 water moccasin zombies (D:6)
  3 elf skeletons (D:8)
  7 wights
  2 jellies (D:6)
  A bullfrog zombie (D:6)
  3 howler monkeys
  2 gnoll boudas
  3 hounds
  2 orc priests
  3 human skeletons (D:8)
  5 orc wizards
  A killer bee zombie (D:6)
  2 mummies (D:6)
  A howler monkey zombie (D:6)
  9 gnolls
  3 adders
  A shadow imp (D:8)
  A white imp (D:7)
  An adder zombie (Ossuary)
  A dart slug (D:2)
  27 orcs
  3 endoplasms
  5 giant cockroaches
  5 goblins
  11 hobgoblins
  7 jackals
  6 quokkas
  2 ball pythons
  A ball python skeleton (Ossuary)
  6 bats
  4 frilled lizards
  A hobgoblin skeleton (Ossuary)
  3 hobgoblin zombies (Ossuary)
  11 kobolds
  3 orc skeletons
  An orc zombie (Ossuary)
  3 rats
179 creatures vanquished.

Vanquished Creatures (collateral kills)
  A troll (D:10)
  2 yaks (D:10)
  A wyvern (D:9)
  A water moccasin (D:6)
  A black bear (D:5)
  A centaur (D:8)
  A scorpion (D:6)
  A wight (D:8)
  3 killer bees
  2 howler monkeys (D:10)
  2 jellies (D:6)
  3 electric eels (D:10)
  A human zombie (D:6)
  3 hounds
  An iguana (D:5)
  6 orc wizards
  2 mummies (D:6)
  6 gnolls
  3 adders (D:4)
  A worm (D:4)
  15 orcs
  A ball python (D:3)
  2 endoplasms
  2 goblins (D:4)
  A hobgoblin (D:3)
  3 jackals
  10 kobolds
  2 orc skeletons (D:8)
78 creatures vanquished.

Vanquished Creatures (others)
  A wolf (D:10)
  A yak zombie (D:10)
  4 killer bees
  A centaur zombie (D:8)
  2 orc priests
  A killer bee zombie (D:10)
  2 hound zombies (D:10)
  3 spectral electric eels (D:10)
  3 howler monkey zombies
  14 orc zombies
  A spectral white imp (D:7)
  An orc (D:7)
  A kobold zombie (D:8)
  2 withered plants (D:7)
37 creatures vanquished.

Grand Total: 294 creatures vanquished

Notes
Turn   | Place    | Note
-------+----------+-------------------------------------------
     0 | D:1      | LnG the Kobold Summoner began the quest for the Orb.
     0 | D:1      | Reached XP level 1. HP: 10/10 MP: 3/3
   609 | D:1      | Reached XP level 2. HP: 15/15 MP: 5/5
   612 | D:1      | Learned a level 2 spell: Call Imp
   618 | D:1      | Found Bigucouj's Book Boutique.
  1481 | D:2      | Reached skill level 3 in Stealth
  1528 | D:2      | Found a faded altar of an unknown god.
  1588 | D:2      | Reached XP level 3. HP: 7/19 MP: 3/6
  1776 | D:2      | Learned a level 3 spell: Call Canine Familiar
  2076 | D:2      | Reached skill level 1 in Short Blades
  2362 | D:2      | Reached XP level 4. HP: 24/24 MP: 7/7
  2514 | D:2      | Found a runed translucent door.
  2517 | D:2      | Noticed Crazy Yiuf
  2908 | D:3      | Reached skill level 4 in Stealth
  3029 | D:3      | Found an ornate altar of the Wu Jian Council.
  3072 | D:3      | You fall into a shaft and drop 1 floor!
  3380 | D:3      | Reached XP level 5. HP: 22/28 MP: 5/9
  3384 | D:3      | Learned a level 3 spell: Summon Guardian Golem
  3457 | D:3      | Found a shimmering altar of Xom.
  3867 | D:4      | Found a sacrificial altar of Ru.
  4035 | D:4      | Reached skill level 1 in Fighting
  4035 | D:4      | Reached XP level 6. HP: 9/34 MP: 7/10
  4533 | D:4      | Found a runed translucent gate.
  4536 | D:4      | Found a runed translucent gate.
  4537 | D:4      | Found a runed translucent gate.
  5069 | D:4      | Noticed bande's ghost (amateur GrFi)
  5069 | D:4      | Identified the +10 dagger of Noukixin {antimagic, rC+}
  5099 | D:5      | Entered Level 5 of the Dungeon
  5145 | D:5      | Found a stormy altar of Qazlal.
  5278 | D:5      | Found a glowing silver altar of Zin.
  5418 | D:5      | Reached skill level 5 in Stealth
  6083 | D:5      | Noticed a black bear
  6090 | D:5      | Killed a black bear
  6091 | D:5      | Reached skill level 5 in Summonings
  6091 | D:5      | Reached XP level 7. HP: 38/38 MP: 5/12
  6837 | D:6      | Found a hazy altar of Hepliaklqana.
  7181 | D:6      | Reached skill level 6 in Stealth
  7181 | D:6      | Reached XP level 8. HP: 33/43 MP: 5/14
  7186 | D:6      | Learned a level 4 spell: Summon Lightning Spire
  7552 | D:6      | Found a basalt altar of Yredelemnul.
  7584 | D:6      | Reached skill level 5 in Spellcasting
  7605 | D:6      | Became a worshipper of Yredelemnul the Dark
  7839 | D:6      | Found a staircase to the Ecumenical Temple.
  7872 | D:6      | Reached skill level 5 in Short Blades
  8604 | D:7      | Reached * piety under Yredelemnul
  8605 | D:7      | Reached skill level 7 in Stealth
  8605 | D:7      | Reached XP level 9. HP: 48/48 MP: 17/17
  8696 | D:7      | Reached skill level 1 in Hexes
  8914 | D:7      | Found Asuhoups's Distillery.
  8919 | D:7      | Bought a potion of lignification for 36 gold pieces
  8919 | D:7      | Bought a potion of curing for 36 gold pieces
  8919 | D:7      | Bought a potion of curing for 36 gold pieces
  8919 | D:7      | Bought a potion of degeneration for 12 gold pieces
  8919 | D:7      | Bought a potion of invisibility for 96 gold pieces
  8953 | D:7      | Found a white marble altar of Elyvilon.
  9002 | D:7      | Reached ** piety under Yredelemnul
  9163 | D:7      | Found a runed translucent door.
  9164 | D:7      | Noticed ICEMaiden's ghost (novice DEHW)
  9599 | D:7      | Reached *** piety under Yredelemnul
  9740 | D:7      | Reached skill level 8 in Stealth
 10030 | D:7      | Reached skill level 5 in Dodging
 10884 | D:8      | Found Ralumomi's Magic Scroll Shop.
 10916 | D:8      | Found a sand-covered staircase.
 10920 | Ossuary  | Entered an ossuary
 11080 | Ossuary  | Reached XP level 10. HP: 54/54 MP: 18/20
 11199 | D:8      | Reached skill level 9 in Stealth
 11291 | D:8      | Noticed Psyche
 11305 | D:8      | Killed Psyche
 11306 | D:8      | Reached skill level 10 in Stealth
 11371 | D:8      | Bought a scroll of enchant weapon for 97 gold pieces
 11371 | D:8      | Bought a scroll of identify for 26 gold pieces
 11718 | D:8      | Noticed Erica
 11722 | D:8      | Killed Erica
 11723 | D:8      | Reached skill level 11 in Stealth
 11816 | D:8      | Noticed Maggie
 11820 | D:8      | Killed Maggie
 11830 | D:8      | Reached **** piety under Yredelemnul
 12612 | D:8      | Reached ***** piety under Yredelemnul
 13017 | D:9      | Noticed Prince Ribbit
 13021 | D:9      | Killed Prince Ribbit
 13022 | D:9      | Reached XP level 11. HP: 60/60 MP: 22/22
 13496 | D:9      | Noticed a tengu warrior
 13501 | D:9      | Noticed a centaur warrior
 13502 | D:9      | Found a transporter.
 13503 | D:9      | Noticed a boulder beetle
 13510 | D:9      | Noticed a skeletal warrior
 13513 | D:9      | Noticed a centaur warrior
 13526 | D:9      | Found a transporter.
 13526 | D:9      | Found the ring of Shadows {Umbra +Inv Stlth+}
 13550 | D:9      | Reached skill level 1 in Air Magic
 13659 | D:9      | Reached skill level 12 in Stealth
 14054 | D:10     | Entered Level 10 of the Dungeon
 14080 | D:10     | Identified the +3 dagger of the Blowfly {drain, rC+ Dex+6}
 14706 | D:10     | HP: 2/60 [gargoyle/stone arrow (19)]
 14710 | D:10     | Killed from afar by a gargoyle

Illustrated notes

Levels and vault maps discovered:
D:1:      amcnicky_arrival_blooded_trapdoor, layout_loops_ring, serial_shops,
          shop
D:2:      layout_loops_ring, basic_ecumenical_altar, minivault_25,
          uniq_crazy_yiuf_cottage
D:3:      layout_rooms, nzn_wu_jian_contemplation, xom_teletrap_fun,
          minmay_goblin_kobold_house
D:4:      layout_loops_ring, nicolae_ru_awakened_eye, biasface_ghost_orc_armoury
D:5:      layout_gridville, zin_academy, mainiacjoe_overflow_paths
D:6:      layout_cave_pods, lemuel_mausoleum_altar_yredelemnul,
          kennysheep_little_box, minmay_temple_entry_glassed_door
D:7:      layout_cave_pods, mainiacjoe_overflow_small_starburst, serial_shops,
          shop, enter_bailey_2, gammafunk_ghost_grave, kennysheep_generic_room_5
D:8:      layout_loops_corners, serial_shops, nicolae_shop_window_shopping,
          nicolae_ossuary_entry_catacombs, uniq_psyche, uniq_erica, uniq_maggie
D:9:      gammafunk_sealed_arena, layout_cave_pods, nicolae_sextant,
          minivault_5, grunt_ministairs_1, uniq_prince_ribbit1
D:10:     layout_long_grid, erik_lair_island, uniq_maurice, uniq_josephine

Skill      XL: |  1  2  3  4  5  6  7  8  9 10 11 |
---------------+----------------------------------+-----
Stealth        | 3 4 5 6 7 8 11 12 | 12.4
Short Blades   | 1 2 4 5 6 7 8 |  8.3
Dodging        | 3 4 5 6 7 |  7.1
Fighting       | 1 2 3 |  3.7
Spellcasting   | 3 4 5 6 7 8 |  8.0
Summonings     | 5 6 7 8 |  8.9
Hexes          | 1 2 |  2.2
Air Magic      | 1 |  1.7
Invocations    | |  0.1

Action                   |  1- 3 |  4- 6 |  7- 9 | 10-12 || total
-------------------------+-------+-------+-------+-------++-------
Melee: Short sword       |    74 |   220 |    58 |       ||   352
       Unarmed           |     1 |       |       |       ||     1
       Punch             |     1 |     1 |     5 |       ||     7
       Dagger            |       |     3 |   163 |   199 ||   365
 Cast: Summon Small Mamm |     6 |     1 |     1 |       ||     8
       Call Imp          |     7 |     7 |    21 |    11 ||    46
       Call Canine Famil |       |    19 |    26 |    14 ||    59
       Summon Guardian G |       |     2 |     9 |     7 ||    18
       Summon Lightning  |       |       |     2 |     5 ||     7
Invok: Recall Undead Har |       |       |     1 |     2 ||     3
  Use: Scroll            |     3 |     1 |     3 |     7 ||    14
       Potion            |       |     3 |     2 |     3 ||     8
 Stab: Sleeping          |    12 |    22 |    19 |    19 ||    72
       Distracted        |       |     2 |     5 |     4 ||    11
Armor: Robe              |     8 |    30 |    46 |    20 ||   104
       Skin              |       |       |       |     1 ||     1
Dodge: Dodged            |    45 |   118 |   146 |   138 ||   447

Table legend: (Time is in decaauts)
 A = Elapsed time spent in this place.
 B = Non-inter-level travel time spent in this place.
 C = Inter-level travel time spent in this place.
 D = Time resting spent in this place.
 E = Time spent auto-exploring this place.
 F = Levels seen in this place.
 G = Mean time per level.
                   A        B        C        D        E       F      G
               +--------+--------+--------+--------+--------+-----+--------+
         Total |  14508 |  14128 |    380 |   3969 |   7921 |  11 | 1318.9 |
       Dungeon |  14250 |  13870 |    380 |   3957 |   7826 |  10 | 1425.0 |
       Ossuary |    257 |    257 |      0 |     12 |     95 |   1 |  257.0 |
               +--------+--------+--------+--------+--------+-----+--------+

Top non-repeatable levels by time:
     D:7: 2273 daAuts
     D:6: 1986 daAuts
     D:8: 1513 daAuts
     D:5: 1448 daAuts
     D:1: 1415 daAuts
     D:4: 1408 daAuts
     D:9: 1329 daAuts
     D:2: 1311 daAuts
     D:3: 923 daAuts
    D:10: 640 daAuts
 Ossuary: 257 daAuts
